 Dungeon Crawl Stone Soup version 0.30-a0-1164-ge08a67761e (webtiles) character file.

Game seed: 4378491078438532504

1174 graymark the Trooper (level 8, 0/74 HPs)
             Began as a Naga Fighter on Apr 29, 2023.
             Was a Follower of Makhleb.
             Succumbed to a green ugly thing's poison
             ... on level 6 of the Dungeon.
             The game lasted 00:13:27 (4676 turns).

graymark the Trooper (Naga Fighter)                 Turns: 4676, Time: 00:13:28

Health: 0/74       AC:  7    Str: 21    XL:     8   Next: 41%
Magic:  8/8        EV:  7    Int:  8    God:    Makhleb [*.....]
Gold:   332        SH:  4    Dex: 11    Spells: 7/7 levels left

rFire   . . .        y - +9 hammer "Culathoi" {venom, rPois rC+ Will+}
rCold   + . .        c - +0 buckler
rNeg    . . .        b - +0 scale mail
rPois   +            j - +2 helmet
rElec   .            f - +0 cloak
rCorr   .            (no gloves)
SInv    +            w - +0 barding
Will    ++...        (no amulet) Stlth
                     (no ring)
HPRegen 0.32/turn    (no ring)
MPRegen 0.11/turn

%: no passive effects
@: lethally poisoned (0 -> -34), corroded, slowed, very slow
A: AC +2, large, see invisible, deformed body, poison resistance, slowness 2,
spit poison 1, naga tail 1
a: Spit Poison, Renounce Religion


You were on level 6 of the Dungeon.
You worshipped Makhleb.
Makhleb was aware of your devotion.
You visited 2 branches of the dungeon, and saw 7 of its levels.

You collected 332 gold pieces.

Inventory:

Hand Weapons
 a - a +1 war axe
 e - the +8 hammer "Nehucw" {heavy, rElec rPois rC- Dex+4}
   (You found it on level 5 of the Dungeon)

   Dex:       It affects your dexterity (+4).
   rC:        It makes you vulnerable to cold.
   rElec:     It insulates you from electricity.
   rPois:     It protects you from poison.
 y - the +9 hammer "Culathoi" (weapon) {venom, rPois rC+ Will+}
   (You found it on level 5 of the Dungeon)

   rC:        It protects you from cold.
   rPois:     It protects you from poison.
   Will:      It increases your willpower.
 z - the +8 hammer "Dikyrph" {venom, *Rage rN+++ Will- rCorr}
   (You found it on level 5 of the Dungeon)

   rN:        It renders you almost immune to negative energy.
   *Rage:     It berserks you when you make melee attacks (+20% chance).
   rCorr:     It protects you from acid and corrosion.
   Will:      It decreases your willpower.
Missiles
 r - 6 javelins
Armour
 b - a +0 scale mail (worn)
 c - a +0 buckler (worn)
 f - a +0 cloak (worn)
 j - a +2 helmet (worn)
 w - a +0 barding (worn)
Jewellery
 s - an amulet of magic regeneration
Wands
 h - a wand of roots (3)
Scrolls
 k - a scroll of poison
 n - 2 scrolls of blinking
 o - a scroll of identify
 p - a scroll of amnesia
 u - a scroll of magic mapping {unknown}
 x - a scroll of fear {unknown}
Potions
 d - 2 potions of might
 g - 3 potions of magic
 i - a potion of heal wounds {unknown}
 l - 2 potions of curing
 m - 2 potions of attraction {unknown}
 q - a potion of mutation {unknown}
 t - a potion of flight {unknown}
 v - 2 potions of invisibility {unknown}


   Skills:
 + Level 5.1 Fighting
 - Level 4.5 Axes
 + Level 0.9(2.9) Maces & Flails
 + Level 4.2 Armour
 * Level 4.8 Dodging
 - Level 3.0 Shields
 + Level 1.1 Invocations


You had 7 spell levels left.
You didn't know any spells.
Your spell library contained the following spells:

 Spells                   Type           Power      Damage    Failure   Level
 Summon Small Mammal      Summ           0%         N/A       82%         1
 Sublimation of Blood     Necr           0%         N/A       91%         2
 Call Canine Familiar     Summ           0%         N/A       99%         3
 Summon Guardian Golem    Hex/Summ       0%         N/A       99%         3
 Petrify                  Tmut/Erth      0%         N/A       100%        4
 Irradiate                Conj/Tmut      0%         3d11      100%        5


Dungeon Overview and Level Annotations

Branches:
Dungeon (6/15)             Temple (1/1) D:4

Altars:
Ashenzari
Cheibriados
Elyvilon
Gozag
Kikubaaqudgha
Makhleb
Nemelex Xobeh
Okawaru
Ru
Sif Muna
Trog
Uskayaw
Vehumet
Wu Jian
Xom
Zin

Shops:
D:2 (

Annotations:
D:5 2 transporters


Innate Abilities, Weirdness & Mutations

Your serpentine skin is tough. (AC +2)
You have supernaturally acute eyesight. (SInv)
Armour fits poorly on your strangely shaped body.
Your system is resistant to poisons. (rPois)
You cover ground very slowly.
You can spit poison.
You have a snake-like lower body.


Message History

You block the phantom's attack.
You miss the phantom. The phantom hits you.
The phantom blinks!
You blink.
A kobold brigand comes into view.
It is wielding a +0 short sword and quivering curare-tipped darts.
Found 23 gold pieces.
You sock the phantom!
The phantom is moderately damaged.
The kobold brigand shouts!
The phantom hits you but does no damage.
You hit the phantom but do no damage.
The phantom is moderately damaged.
The phantom closely misses you. The kobold brigand barely misses you.
You closely miss the phantom.
The phantom is moderately damaged.
The kobold brigand hits you but does no damage.
The phantom hits you but does no damage.
You block the kobold brigand's attack.
The phantom hits you but does no damage.
You barely miss the phantom.
The phantom is moderately damaged.
The phantom hits you.
The phantom blinks!
You blink.
A green ugly thing comes into view.
The kobold brigand hits you with a +0 short sword.
A white imp comes into view.
You are too injured to fight recklessly!
Unknown command.
The green ugly thing gurgles horribly!
The phantom attacks as you move away! The phantom hits you.
You block the kobold brigand's attack.
The kobold brigand attacks as you move away!
The kobold brigand hits you with a +0 short sword.
The kobold brigand throws a curare-tipped dart.
The curare-tipped dart hits you.
You have difficulty breathing.
* * * LOW HITPOINT WARNING * * *
You feel yourself slow down.
The green ugly thing attacks as you move away!
The green ugly thing trunk-slaps you!
* * * LOW HITPOINT WARNING * * *
You are lethally poisoned!
The green ugly thing poisons you!
You die...

#.#$# #...#
+.#.# #5..#
#.#$# #KW.#
#u### #...#
#@#.# #...#
#.#.# #...#
#.#.# ###
#...# #<#
#.### #.# #
##.# # #.#
..#.##.)####.#
#.#


You could see a green ugly thing, a kobold brigand, a phantom and a white imp.

Vanquished Creatures
  Sigmund (D:4)
  A wraith (D:6)
  A water moccasin (D:5)
  2 ice beasts
  A scorpion (D:4)
  2 jellies
  Crazy Yiuf (D:5)
  2 hounds
  A sleepcap (D:4)
  Ijyb (D:4)
  2 orc wizards
  3 iguanas (D:5)
  6 adders
  A shadow imp (D:5)
  8 worms
  3 dart slugs
  14 orcs
  5 bats
  5 endoplasms
  3 giant cockroaches
  8 goblins
  7 hobgoblins
  3 jackals (D:4)
  3 quokkas
  5 ball pythons
  4 frilled lizards
  7 kobolds
  4 rats
104 creatures vanquished.

Notes
Turn   | Place    | Note
-------+----------+-------------------------------------------
     0 | D:1      | graymark the Naga Fighter began the quest for the Orb.
     0 | D:1      | Reached XP level 1. HP: 21/21 MP: 1/1
   142 | D:1      | Reached XP level 2. HP: 28/28 MP: 2/2
   257 | D:1      | Reached skill level 1 in Dodging
   379 | D:1      | Reached XP level 3. HP: 34/34 MP: 3/3
   566 | D:2      | Found Zued's Weapon Shoppe.
   756 | D:2      | Reached XP level 4. HP: 35/42 MP: 4/4
  1813 | D:4      | Noticed a scorpion
  1823 | D:4      | Killed a scorpion
  1824 | D:4      | Reached XP level 5. HP: 43/50 MP: 5/5
  1913 | D:4      | Reached XP level 6. HP: 45/57 MP: 6/6
  1969 | D:4      | Noticed Ijyb
  1971 | D:4      | Paralysed by Ijyb for 3 turns
  1976 | D:4      | Paralysed by Ijyb for 4 turns
  1993 | D:4      | Killed Ijyb
  2136 | D:4      | Reached skill level 4 in Fighting
  2275 | D:4      | Found a staircase to the Ecumenical Temple.
  2290 | Temple   | Entered the Ecumenical Temple
  2432 | Temple   | Became a worshipper of Makhleb the Destroyer
  2652 | D:4      | Noticed Sigmund
  2898 | D:4      | Killed Sigmund
  2899 | D:4      | Reached XP level 7. HP: 64/64 MP: 7/7
  2995 | D:5      | Entered Level 5 of the Dungeon
  3205 | D:5      | Found a shimmering altar of Xom.
  3205 | D:5      | Found a transporter.
  3205 | D:5      | Noticed a yak
  3206 | D:5      | Noticed a two-headed ogre
  3226 | D:5      | Found a transporter.
  3383 | D:5      | Reached * piety under Makhleb
  3488 | D:5      | Reached XP level 8. HP: 64/73 MP: 8/8
  4395 | D:5      | Found a runed translucent door.
  4396 | D:5      | Noticed Crazy Yiuf
  4398 | D:5      | Identified the +8 hammer "Dikyrph" {venom, *Rage rN+++
                  | Will- rCorr}
  4402 | D:5      | Killed Crazy Yiuf
  4403 | D:5      | Reached skill level 5 in Fighting
  4437 | D:5      | Identified the +8 hammer "Nehucw" {heavy, rElec rPois rC-
                  | Dex+4}
  4442 | D:5      | Identified the +9 hammer "Culathoi" {venom, rPois rC+
                  | Will+}
  4575 | D:6      | Noticed a wraith
  4587 | D:6      | Killed a wraith
  4588 | D:6      | Reached skill level 1 in Invocations
  4671 | D:6      | Noticed a green ugly thing
  4676 | D:6      | Succumbed to a green ugly thing's poison

Illustrated notes

Levels and vault maps discovered:
D:1:      saegor_arrival_simple_e, layout_rooms
D:2:      layout_basic, serial_shops, shop, minmay_tiny_reverse_x
D:3:      layout_loops_ring
D:4:      layout_rooms, minmay_temple_entry_glass, grunt_decor_one_mirror,
          uniq_sigmund, uniq_ijyb
D:5:      layout_layer_cave, gammafunk_temple_overflow_arena, nicolae_wormholes,
          uniq_crazy_yiuf_cottage
D:6:      kennysheep_big_flooded_room, layout_basic,
          lemuel_coloured_pillars_altar, gammafunk_ghost_split,
          hangedman_minor_gate_pass, uniq_pikel, uniq_grinder
Temple:   regret_index_temple_waves

Skill      XL: |  1  2  3  4  5  6  7  8 |
---------------+-------------------------+-----
Dodging        | 1 2 3 4 |  4.8
Shields        | 3 |  3.0
Axes           | 3 4 |  4.5
Armour         | 3 4 |  4.2
Fighting       | 4 5 |  5.1
Invocations    | 1 |  1.1
Maces & Flails | |  0.9

Action                     |  1- 3 |  4- 6 |  7- 9 || total
---------------------------+-------+-------+-------++-------
  Melee: War axe           |    80 |   164 |   111 ||   355
         Mace              |       |       |    20 ||    20
Ability: Spit Poison       |       |     4 |     1 ||     5
    Use: Scroll            |       |    10 |       ||    10
         Potion            |       |     1 |     1 ||     2
 Armour: Scale mail        |    53 |    64 |    78 ||   195
         Skin              |       |     7 |     1 ||     8
  Dodge: Dodged            |    47 |    59 |    55 ||   161
  Block: Buckler           |    12 |    38 |    33 ||    83

Table legend: (Time is in decaauts)
 A = Elapsed time spent in this place.
 B = Non-inter-level travel time spent in this place.
 C = Inter-level travel time spent in this place.
 D = Time resting spent in this place.
 E = Time spent auto-exploring this place.
 F = Levels seen in this place.
 G = Mean time per level.
                   A        B        C        D        E       F      G
               +--------+--------+--------+--------+--------+-----+--------+
         Total |   6138 |   5627 |    511 |    405 |   4148 |   7 |  876.9 |
       Dungeon |   5917 |   5454 |    463 |    405 |   3993 |   6 |  986.2 |
        Temple |    220 |    173 |     47 |      0 |    155 |   1 |  220.0 |
               +--------+--------+--------+--------+--------+-----+--------+

Top non-repeatable levels by time:
     D:5: 2050 daAuts
     D:4: 1138 daAuts
     D:3: 1009 daAuts
     D:2: 872 daAuts
     D:1: 680 daAuts
  Temple: 220 daAuts
     D:6: 166 daAuts
